 Dungeon Crawl Stone Soup version 0.28-a0-407-g69098e2f6d (webtiles) character file.

Game seed: 11476139262148240573

48 Rennog the Slasher (level 3, -4/35 HPs)
             Began as a Gnoll Cinder Acolyte on Sept 6, 2021.
             Was a High Priest of Ignis.
             Slain by an orc (5 damage)
             ... on level 2 of the Dungeon.
             The game lasted 00:01:21 (1890 turns).

Rennog the Slasher (Gnoll Cinder Acolyte)           Turns: 1890, Time: 00:01:22

Health: -4/35      AC:  2    Str: 14    XL:     3   Next: 72%
Magic:  7/7        EV: 11    Int: 13    God:    Ignis [*****.]
Gold:   87         SH:  0    Dex:  7    Spells: 7/7 levels left

rFire   + . .      SeeInvis .   a - -1 falchion (flame)
rCold   . . .      Faith    .   (no shield)
rNeg    . . .      Spirit   .   b - +0 robe
rPois   .          Reflect  .   (no helmet)
rElec   .          Harm     .   (no cloak)
rCorr   .          Rampage  .   (no gloves)
Will    .....                   (no boots)
Stlth   +.........              (no amulet)
HPRegen 0.11/turn               (no ring)
MPRegen 0.10/turn               (no ring)

@: no status effects
A: fangs 1, strong nose, distributed training
a: Renounce Religion, Sea of Fire, Foxfire Swarm, Rising Flame


You were on level 2 of the Dungeon.
You worshipped Ignis.
Ignis was extremely pleased with you.
You visited 1 branch of the dungeon, and saw 2 of its levels.

You collected 87 gold pieces.

Inventory:

Hand Weapons
 a - a -1 falchion of flaming (weapon)
Armour
 b - a +0 robe (worn)
Scrolls
 d - a scroll of blinking {unknown}
 e - a scroll of amnesia {unknown}
 f - a scroll of identify {unknown}
 h - 2 scrolls of teleportation {unknown}
 j - a scroll of enchant weapon {unknown}
Potions
 c - a potion of heal wounds {unknown}
 g - a potion of berserk rage {unknown}
 i - a potion of attraction {unknown}


   Skills:
 + Level 6.5 Fighting
 + Level 0.9 Short Blades
 + Level 6.5 Long Blades
 + Level 0.9 Axes
 + Level 0.9 Maces & Flails
 + Level 0.9 Polearms
 + Level 0.9 Staves
 + Level 0.9 Slings
 + Level 0.9 Bows
 + Level 0.9 Crossbows
 + Level 0.9 Throwing
 + Level 0.9 Armour
 + Level 0.9 Dodging
 + Level 0.9 Stealth
 + Level 0.9 Shields
 + Level 0.9 Unarmed Combat
 + Level 2.8 Spellcasting
 + Level 0.6 Conjurations
 + Level 0.6 Hexes
 + Level 0.6 Summonings
 + Level 0.6 Necromancy
 + Level 0.6 Translocations
 + Level 0.6 Transmutations
 + Level 5.4 Fire Magic
 + Level 0.6 Ice Magic
 + Level 0.6 Air Magic
 + Level 0.6 Earth Magic
 + Level 0.6 Poison Magic
 + Level 1.0 Invocations
 + Level 0.9 Evocations


You had 7 spell levels left.
You didn't know any spells.
Your spell library contained the following spells:

 Spells                   Type           Power      Damage    Failure   Level
 Scorch                   Fire           32%        2d7       3%          2


Dungeon Overview and Level Annotations

Branches:
Dungeon (2/15)

Altars:


Innate Abilities, Weirdness & Mutations

You have very sharp teeth.
Your uncanny sense of smell can sniff out nearby items.
Your experience applies equally to all skills.


Message History

* * * LOW HITPOINT WARNING * * *
You slash the endoplasm! You burn the endoplasm.
You kill the endoplasm!
You hit the orc. You burn the orc.
The orc is heavily wounded.
The orc hits you but does no damage.
You hit the orc. You burn the orc.
You kill the orc!
Things that are here:
a +0 whip; a +0 club; an orc corpse You hit the quokka.
You burn the quokka.
The quokka is heavily wounded.
The quokka bites you.
* * * LOW HITPOINT WARNING * * *
The quokka bites you.
* * * LOW HITPOINT WARNING * * *
You slash the quokka! You burn the quokka.
You kill the quokka!
You barely miss the ball python skeleton.
The ball python skeleton bites you.
* * * LOW HITPOINT WARNING * * *
The ball python skeleton closely misses you.
You barely miss the ball python skeleton.
The ball python skeleton completely misses you.
The ball python skeleton closely misses you.
You hit the ball python skeleton. You burn the ball python skeleton.
You bite the ball python skeleton.
The ball python skeleton is almost destroyed.
The ball python skeleton bites you but does no damage.
The ball python skeleton grabs you.
The ball python skeleton constricts you.
You barely miss the ball python skeleton.
You bite the ball python skeleton.
You destroy the ball python skeleton!
You hit the orc but do no damage. The orc hits you with a +0 hand axe.
* * * LOW HITPOINT WARNING * * *
You hit the orc. You burn the orc.
The orc is severely wounded.
The orc hits you with a +0 hand axe.
You die...

....#
#.....#
.####
#.....# .#
#.....# ##
###.###
#.## #..#
##.# #.#
#@# #
##o##.#.##
#........#
#...)....#
#........#
#!.........
#........#.
#........#
#...<....#


You could see an orc.

Vanquished Creatures
  An adder (D:2)
  3 orcs (D:2)
  2 bats
  2 endoplasms (D:2)
  A giant cockroach (D:1)
  4 goblins
  4 hobgoblins
  3 quokkas
  4 ball pythons (D:1)
  A ball python skeleton (D:2)
  A frilled lizard (D:1)
  A giant cockroach zombie (D:2)
  5 kobolds
  A rat (D:1)
33 creatures vanquished.

Vanquished Creatures (others)
  2 withered plants (D:2)
2 creatures vanquished.

Grand Total: 35 creatures vanquished

Notes
Turn   | Place    | Note
-------+----------+-------------------------------------------
     0 | D:1      | Rennog the Gnoll Cinder Acolyte began the quest for the
                  | Orb.
     0 | D:1      | Reached XP level 1. HP: 23/23 MP: 4/4
   439 | D:1      | Reached XP level 2. HP: 29/29 MP: 5/5
  1460 | D:2      | Reached XP level 3. HP: 34/35 MP: 7/7
  1815 | D:2      | Reached skill level 1 in Invocations
  1889 | D:2      | HP: 1/35 [orc (2)]
  1890 | D:2      | Slain by an orc

Illustrated notes

Levels and vault maps discovered:
D:1:      dpeg_arrival_erosion, layout_basic, minmay_bisected
D:2:      layout_basic, serial_undead, serial_undead_b, serial_undead_c,
          serial_undead_f, serial_undead_f, basic_altar, minmay_pentomino_r4

Skill      XL: |  1  2  3 |
---------------+----------+-----
Invocations    | 1 |  1.0
Fighting       | |  6.5
Short Blades   | |  0.9
Long Blades    | |  6.5
Axes           | |  0.9
Maces & Flails | |  0.9
Polearms       | |  0.9
Staves         | |  0.9
Slings         | |  0.9
Bows           | |  0.9
Crossbows      | |  0.9
Throwing       | |  0.9
Armour         | |  0.9
Dodging        | |  0.9
Stealth        | |  0.9
Shields        | |  0.9
Unarmed Combat | |  0.9
Spellcasting   | |  2.8
Conjurations   | |  0.6
Hexes          | |  0.6
Summonings     | |  0.6
Necromancy     | |  0.6
Translocations | |  0.6
Transmutations | |  0.6
Fire Magic     | |  5.4
Ice Magic      | |  0.6
Air Magic      | |  0.6
Earth Magic    | |  0.6
Poison Magic   | |  0.6
Evocations     | |  0.9

Action                   || total
-------------------------++-------
Melee: Falchion          ||   113
       Bite              ||     8
Armor: Robe              ||    26
Dodge: Dodged            ||    86

Table legend: (Time is in decaauts)
 A = Elapsed time spent in this place.
 B = Non-inter-level travel time spent in this place.
 C = Inter-level travel time spent in this place.
 D = Time resting spent in this place.
 E = Time spent auto-exploring this place.
 F = Levels seen in this place.
 G = Mean time per level.
                   A        B        C        D        E       F      G
               +--------+--------+--------+--------+--------+-----+--------+
         Total |   1886 |   1848 |     38 |      0 |   1623 |   2 |  943.0 |
       Dungeon |   1886 |   1848 |     38 |      0 |   1623 |   2 |  943.0 |
               +--------+--------+--------+--------+--------+-----+--------+

Top non-repeatable levels by time:
     D:1: 1354 daAuts
     D:2: 532 daAuts
